 Dungeon Crawl Stone Soup version 0.30-a0-737-gf23d94013f (webtiles) character file.

Game seed: 12022356589568293826

2971 CoinPitGoblin the Skirmisher (level 9, -2/74 HPs)
             Began as a Barachi Hunter on Feb 2, 2023.
             Was an Initiate of Yredelemnul.
             Slain by a vampire (10 damage)
             ... on level 7 of the Dungeon.
             The game lasted 00:26:56 (7117 turns).

CoinPitGoblin the Skirmisher (Barachi Hunter)       Turns: 7117, Time: 00:26:57

Health: -2/74      AC:  9    Str: 13    XL:     9   Next: 82%
Magic:  9/9        EV: 15    Int: 15    God:    Yredelemnul [......]
Gold:   343        SH:  0    Dex: 20    Spells: 8/8 levels left

rFire   . . .      SeeInvis .    b - +1 long sword (chaos)
rCold   . . .      Faith    .    (no shield)
rNeg    . . .      Spirit   .    c - +0 leather armour
rPois   .          Reflect  .    f - +0 helmet
rElec   .          Harm     .    t - +0 cloak
rCorr   .          Rampage  .    g - +2 pair of gloves
Will    .....                    (no boots)
Stlth   ++                       (no amulet)
HPRegen 0.32/turn                z - +6 ring of intelligence
MPRegen 0.11/turn                (no ring)

@: about to teleport, slow
A: amphibious, slowness 1, strong legs 1, +LOS
a: Hop, Renounce Religion, Recall Undead Harvest


You were on level 7 of the Dungeon.
You worshipped Yredelemnul.
Yredelemnul was noncommittal.
You visited 2 branches of the dungeon, and saw 8 of its levels.

You collected 469 gold pieces.
You spent 126 gold pieces at shops.

Inventory:

Hand Weapons
 a - a +0 shortbow of freezing
 b - a +1 long sword of chaos (weapon)
 s - a +1 short sword of electrocution
 y - a +5 dagger of freezing
 A - a +2 dagger of speed
 D - a +3 short sword of venom
Missiles
 d - a throwing net
Armour
 c - a +0 leather armour (worn)
 f - a +0 helmet (worn)
 g - a +2 pair of gloves (worn)
 t - a +0 cloak (worn)
 u - a +0 buckler
 B - a +0 kite shield
Jewellery
 l - a ring of fire
 z - a +6 ring of intelligence (left hand)
Wands
 C - a wand of flame (33)
Scrolls
 e - a scroll of immolation
 h - 2 scrolls of silence
 k - 6 scrolls of teleportation
 n - 4 scrolls of fog
Potions
 i - 3 potions of flight
 j - 3 potions of attraction {unknown}
 m - 3 potions of brilliance
 o - 2 potions of might {unknown}
 p - a potion of mutation {unknown}
 r - a potion of lignification {unknown}
 v - a potion of haste {unknown}
 w - a potion of degeneration {unknown}


   Skills:
 + Level 7.9 Fighting
 + Level 3.6(4.0) Short Blades
 + Level 2.3(3.5) Long Blades
 + Level 9.9 Ranged Weapons
 + Level 4.3 Armour
 + Level 5.5 Dodging
 - Level 0.8 Stealth
 + Level 0.2 Invocations


You had 8 spell levels left.
You didn't know any spells.
Your spell library was empty.

Dungeon Overview and Level Annotations

Branches:
Dungeon (7/15)             Temple (1/1) D:7

Altars:
Elyvilon
Fedhas
Hepliaklqana
Makhleb
Nemelex Xobeh
Uskayaw
Wu Jian
Xom
Yredelemnul
The Shining One

Shops:
D:7 (*=*


Innate Abilities, Weirdness & Mutations

You are amphibious.
You cover ground slowly.
You can hop short distances.
You have an extended range of vision and can be seen from far away.


Message History

You float gracefully downwards.
You start resting.
HP restored.
Okay, then.
You can't go down here!
You climb upwards.
Welcome back to the Dungeon!
The vampire mumbles some strange words.
The vampire flickers and vanishes!
Deactivating autopickup; reactivate with Ctrl-A.
There is a staircase to the Ecumenical Temple, spattered with blood here.
You hit something but do no damage.
Nothing appears to happen.
Something hits you but does no damage. Something bites you.
Something draws strength from your injuries!
You closely miss something. Something closely misses you.
Something completely misses you. Something hits you but does no damage.
Something bites you.
Something draws strength from your injuries!
You hit something but do no damage. Something hits you.
Something bites you but does no damage.
You slash something! Something hits you but does no damage.
Something bites you.
Something draws strength from your injuries!
You barely miss something. Something hits you but does no damage.
Something bites you but does no damage.
You hit something but do no damage. Something hits you. Something bites you.
Something draws strength from your injuries!
You hit something.
Nothing appears to happen.
Your punch misses something. Something hits you but does no damage.
Something bites you!
Something draws strength from your injuries!
Something hits you! Something barely misses you.
You closely miss something. Something hits you!
* * * LOW HITPOINT WARNING * * *
Something bites you but does no damage.
Okay, then.
As you read the scroll of teleportation, it crumbles to dust.
You feel strangely unstable. Something hits you.
* * * LOW HITPOINT WARNING * * *
Something bites you!
You die...
Your body rises from the dead as a mindless zombie.

.#..<.∩# ##.......# .#.#.#.#
####..#..##.##
.#.#.#.###.....#......#
.#.#.#.......#.#.#....#########
.#.#.#.#.#....###.....##...§..###
.#.#.#.#...#...#...#..##..)..)).[
.#.....#...Z#.....#.......#######
.#.......#####.>.#####....# ♣
>...........#...@.#.......#
###...###..#.).#.{.#..#...#
.......###....###....##.#.#
######.# ##..#.#.#..###.#.#
##..<#.# ##...#...## #.#.#
...#.#.# ##..#..[# #.#.# .∩.#.#.#
#..(.#.# #.#.# .....#.##
###.#..## #.#.# .##.....#
#.....###Z..#


There were no monsters in sight!

Vanquished Creatures
  A troll (D:7)
  Menkaure (D:4)
  An ice beast (D:7)
  2 black bears
  An orc warrior (D:6)
  An ogre (D:4)
  2 phantoms
  A centaur (D:6)
  A kobold brigand (D:7)
  3 scorpions
  2 necrophages
  A wight (D:7)
  A howler monkey (D:3)
  3 jellies
  3 orc priests
  4 hounds
  2 gnoll boudas
  2 orc wizards
  5 iguanas
  13 gnolls
  9 adders
  A river rat (D:6)
  A white imp (D:6)
  A worm (D:3)
  2 dart slugs
  11 orcs
  12 ball pythons
  9 endoplasms
  7 giant cockroaches
  9 goblins
  7 hobgoblins
  13 kobolds
  3 quokkas
  3 bats (D:1)
  6 frilled lizards
  7 rats
151 creatures vanquished.

Vanquished Creatures (collateral kills)
  An ice beast (D:7)
  An orc warrior (D:6)
  Blork the orc (D:6)
  A bullfrog (D:6)
  A scorpion (D:7)
  4 wights (D:7)
  A hound (D:6)
  An orc wizard (D:6)
  An adder (D:6)
  4 orcs
  4 kobolds (D:7)
20 creatures vanquished.

Vanquished Creatures (others)
  A spectral troll (D:7)
  A bullfrog zombie (D:6)
  A scorpion zombie (D:7)
  An ice beast zombie (D:7)
  A kobold zombie (D:7)
  2 hound zombies (D:6)
  An adder zombie (D:6)
  2 iguana zombies
  A jelly zombie (D:6)
  2 gnoll zombies (D:6)
  6 orc zombies
19 creatures vanquished.

Grand Total: 190 creatures vanquished

Notes
Turn   | Place    | Note
-------+----------+-------------------------------------------
     0 | D:1      | CoinPitGoblin the Barachi Hunter began the quest for the
                  | Orb.
     0 | D:1      | Reached XP level 1. HP: 17/17 MP: 1/1
    71 | D:1      | Reached XP level 2. HP: 23/23 MP: 2/2
   373 | D:1      | Reached XP level 3. HP: 29/29 MP: 3/3
   941 | D:2      | Reached skill level 1 in Armour
  1275 | D:2      | Reached XP level 4. HP: 33/37 MP: 4/4
  1547 | D:3      | Reached XP level 5. HP: 41/42 MP: 5/5
  1768 | D:3      | Found a faded altar of an unknown god.
  1892 | D:3      | Reached skill level 5 in Ranged Weapons
  2279 | D:3      | Reached skill level 1 in Short Blades
  2279 | D:3      | Reached XP level 6. HP: 27/49 MP: 6/6
  2571 | D:4      | Reached skill level 5 in Fighting
  2905 | D:4      | Reached skill level 6 in Ranged Weapons
  2905 | D:4      | Reached XP level 7. HP: 39/56 MP: 7/7
  3197 | D:4      | Noticed Menkaure
  3204 | D:4      | Killed Menkaure
  3329 | D:4      | Reached skill level 7 in Ranged Weapons
  3467 | D:5      | Entered Level 5 of the Dungeon
  3760 | D:5      | Reached XP level 8. HP: 64/64 MP: 8/8
  3767 | D:5      | Identified the +2 robe of the Skies Above {Str+2}
  4052 | D:5      | Found a hide-covered altar of Uskayaw.
  4059 | D:5      | Found a sparkling altar of Nemelex Xobeh.
  4059 | D:5      | Found a glowing golden altar of the Shining One.
  4062 | D:5      | Found a basalt altar of Yredelemnul.
  4065 | D:5      | Found a shimmering altar of Xom.
  4066 | D:5      | Found a hazy altar of Hepliaklqana.
  4081 | D:5      | Became a worshipper of Yredelemnul the Dark
  4556 | D:6      | Reached * piety under Yredelemnul
  4702 | D:6      | Reached skill level 8 in Ranged Weapons
  5206 | D:6      | Reached XP level 9. HP: 24/71 MP: 9/9
  5529 | D:6      | Reached skill level 9 in Ranged Weapons
  5570 | D:6      | Noticed Blork the orc
  5579 | D:6      | Killed Blork the orc
  5580 | D:6      | Reached skill level 5 in Dodging
  5711 | D:6      | Reached ** piety under Yredelemnul
  5838 | D:7      | Found Vaqoelyss's Weapon Boutique.
  5894 | D:7      | Found Xeylupnuo's General Store.
  5897 | D:7      | Bought a scroll of blinking for 90 gold pieces
  5897 | D:7      | Bought a scroll of teleportation for 36 gold pieces
  5903 | D:7      | Found a staircase to the Ecumenical Temple.
  5934 | D:7      | Reached skill level 1 in Long Blades
  6132 | D:7      | Found Dacliol's General Store.
  6333 | D:7      | Found Sezu's Jewellery Boutique.
  6373 | D:7      | Noticed a troll
  6408 | Temple   | Entered the Ecumenical Temple
  6665 | D:7      | Killed a troll
  6912 | D:7      | HP: 3/74 [something (18)]
  7117 | D:7      | Slain by a vampire

Illustrated notes

Levels and vault maps discovered:
D:1:      co_arrival_random_square_maze, layout_basic, minmay_cupped
D:2:      layout_rooms, minmay_tripent
D:3:      layout_loops_cross, nicolae_ecumenical_snake_handling
D:4:      layout_basic, minmay_fractal_squares_gapless_5, uniq_menkaure
D:5:      layout_basic, minitemple, corexii_corridor_pit
D:6:      layout_basic, portal_sewer_entry_a, wad_rectangle_vault,
          uniq_blork_the_orc
D:7:      nzn_winding_woodlands_small [nzn_winding_woodlands_5x15_lazy_stream,
          nzn_winding_woodlands_center_diamonds,
          nzn_winding_woodlands_5x15_sawtooth], layout_basic,
          vehumet_altar_wand_db, minmay_temple_entry_arrows, serial_shops,
          nicolae_shop_statue_plus, shop, kennysheep_little_box,
          nicolae_shop_stone, uniq_crazy_yiuf_cottage
Temple:   nicolae_temple_bog_church

Skill      XL: |  1  2  3  4  5  6  7  8  9 |
---------------+----------------------------+-----
Fighting       | 3 4 5 6 7 |  7.9
Armour         | 1 2 3 4 |  4.3
Dodging        | 3 4 5 |  5.5
Ranged Weapons | 5 6 7 8 9 |  9.9
Short Blades   | 1 2 3 |  3.6
Long Blades    | 2 |  2.3
Stealth        | |  0.8
Invocations    | |  0.2

Action                     |  1- 3 |  4- 6 |  7- 9 || total
---------------------------+-------+-------+-------++-------
  Melee: Dagger            |     5 |       |       ||     5
         Short sword       |    11 |    85 |    96 ||   192
         Punch             |       |     1 |     1 ||     2
         Long sword        |       |       |    46 ||    46
   Fire: Shortbow          |   106 |    94 |   137 ||   337
 Invoke: Recall Undead Har |       |       |     3 ||     3
Ability: Hop               |     1 |     3 |     6 ||    10
  Evoke: Wand              |       |       |     8 ||     8
    Use: Scroll            |     2 |     5 |     5 ||    12
         Potion            |     1 |     3 |     5 ||     9
   Stab: Sleeping          |       |     1 |       ||     1
         Distracted        |       |       |     1 ||     1
 Armour: Leather armour    |    20 |    39 |    81 ||   140
  Dodge: Dodged            |    55 |    70 |   128 ||   253

Table legend: (Time is in decaauts)
 A = Elapsed time spent in this place.
 B = Non-inter-level travel time spent in this place.
 C = Inter-level travel time spent in this place.
 D = Time resting spent in this place.
 E = Time spent auto-exploring this place.
 F = Levels seen in this place.
 G = Mean time per level.
                   A        B        C        D        E       F      G
               +--------+--------+--------+--------+--------+-----+--------+
         Total |   7962 |   7240 |    722 |    775 |   5057 |   8 |  995.2 |
       Dungeon |   7531 |   6809 |    722 |    349 |   5057 |   7 | 1075.9 |
        Temple |    430 |    430 |      0 |    426 |      0 |   1 |  430.0 |
               +--------+--------+--------+--------+--------+-----+--------+

Top non-repeatable levels by time:
     D:6: 1486 daAuts
     D:4: 1309 daAuts
     D:1: 1099 daAuts
     D:5: 1095 daAuts
     D:3: 950 daAuts
     D:7: 871 daAuts
     D:2: 719 daAuts
  Temple: 430 daAuts
